 Dungeon Crawl Stone Soup version 0.28-b1-25-g9875b3fc8c (webtiles) character file.

Game seed: 7437792662822487872

5873 Ajdolov the Cleaver (level 10, -1/94 HPs)
             Began as a Hill Orc Fighter on Feb 7, 2022.
             Was a Priest of Uskayaw.
             Slain by a seven-headed hydra (2 damage)
             ... on level 9 of the Dungeon.
             The game lasted 00:18:34 (10393 turns).

Ajdolov the Cleaver (Hill Orc Fighter)             Turns: 10393, Time: 00:18:35

Health: -1/94      AC: 13    Str: 24    XL:     10   Next: 81%
Magic:  15/18      EV:  7    Int:  8    God:    Uskayaw [***...]
Gold:   521        SH:  4    Dex: 10    Spells: 9/9 levels left

rFire   . . .      SeeInvis .   a - +0 war axe
rCold   . . .      Faith    +   c - +0 buckler
rNeg    . . .      Spirit   .   j - +0 chain mail
rPois   .          Reflect  .   b - +0 helmet
rElec   .          Harm     .   D - +0 cloak {rCorr}
rCorr   +          Rampage  .   H - +0 pair of gloves
Will    +....                   u - +0 pair of boots
Stlth   ..........              A - amulet of faith
HPRegen 0.25/turn               q - ring of flight
MPRegen 0.16/turn               G - ring of willpower

@: flying
A: no striking features
a: Renounce Religion, Stomp, Line Pass


You were on level 9 of the Dungeon.
You worshipped Uskayaw.
Uskayaw was aware of your devotion.
You visited 2 branches of the dungeon, and saw 10 of its levels.

You collected 521 gold pieces.

Inventory:

Hand Weapons
 a - a +0 war axe (weapon)
Missiles
 x - 2 throwing nets (quivered)
Armour
 b - a +0 helmet (worn)
 c - a +0 buckler (worn)
 j - a +0 chain mail (worn)
 u - a +0 pair of boots (worn)
 D - a +0 cloak of preservation (worn)
 H - a +0 pair of gloves (worn)
Jewellery
 n - an amulet of magic regeneration
 q - a ring of flight (left hand)
 A - an amulet of faith (around neck)
 G - a ring of willpower (right hand)
 M - a +6 ring of intelligence
Wands
 d - a wand of polymorph (13)
 y - a wand of paralysis (2)
 C - a wand of flame (15)
 F - a wand of digging (15)
 I - a wand of acid (3)
 J - a wand of mindburst (16)
Scrolls
 e - 4 scrolls of teleportation
 f - a scroll of holy word
 g - 3 scrolls of fog
 h - a scroll of fear
 i - 2 scrolls of magic mapping
 m - a scroll of vulnerability {unknown}
 p - a scroll of torment {unknown}
 s - 2 scrolls of amnesia {unknown}
 t - a scroll of enchant armour {unknown}
 E - 2 scrolls of identify
 K - a scroll of brand weapon {unknown}
 L - a scroll of noise {unknown}
Potions
 k - a potion of flight
 l - 2 potions of might
 o - 2 potions of cancellation
 r - 4 potions of heal wounds
 v - 2 potions of lignification
 w - a potion of berserk rage {unknown}
 z - 4 potions of curing {unknown}
 B - a potion of haste {unknown}


   Skills:
 - Level 10.4 Fighting
 * Level 13.8 Axes
 - Level 3.2 Armour
 - Level 3.2 Shields
 - Level 11.2 Invocations


You had 9 spell levels left.
You didn't know any spells.
Your spell library contained the following spells:

 Spells                   Type           Power      Damage    Failure   Level
 Beastly Appendage        Tmut           0%         N/A       99%         1
 Sting                    Tmut/Pois      0%         1d3       99%         1
 Corpse Rot               Necr/Air       0%         N/A       100%        2
 Sublimation of Blood     Necr           0%         N/A       100%        2
 Wereblood                Tmut           0%         N/A       100%        2
 Spider Form              Tmut/Pois      0%         N/A       100%        3
 Cause Fear               Hex            0%         N/A       100%        4
 Dispel Undead            Necr           0%         3d6       100%        4
 Petrify                  Tmut/Erth      0%         N/A       100%        4
 Summon Lightning Spire   Summ/Air       0%         N/A       100%        4
 Irradiate                Conj/Tmut      0%         3d13      100%        5
 Death Channel            Necr           0%         N/A       100%        6
 Dragon Form              Tmut           0%         N/A       100%        7
 Storm Form               Tmut/Air       0%         N/A       100%        7
 Maxwell's Capacitive Co  Air            0%         ∞         100%        8
 Dragon's Call            Summ           0%         N/A       100%        9


Dungeon Overview and Level Annotations

Branches:
Dungeon (9/15)             Temple (1/1) D:6
   Lair: D:8-11         Orc: D:9-12

Altars:
Ashenzari
Cheibriados
Dithmenos
Elyvilon
Fedhas
Hepliaklqana
Makhleb
Nemelex Xobeh
Ru
Sif Muna
Uskayaw
Vehumet
Wu Jian
Yredelemnul
Zin
The Shining One

Shops:
D:5 :

Annotations:
D:5 1 runed translucent door, ilikefood's ghost, novice KoEn


Message History

The six-headed hydra bites you.
Aiming: Corrosive Bolt
Press: ? - help, Shift-Dir - straight line, f/p - six-headed hydra
Aim: a six-headed hydra (severely wounded, covered in acid, 90% to hit)
The bolt of acid hits the six-headed hydra!
The six-headed hydra seems to be corroded for longer.
The six-headed hydra is almost dead.
The six-headed hydra bites you. x2
The six-headed hydra bites you but does no damage. x3
You block the six-headed hydra's attack.
Uskayaw will force your foes to helplessly watch your dance.
Uskayaw prepares the audience for your solo!
The helpless six-headed hydra fails to defend itself.
You lop one of the six-headed hydra's heads off!
The five-headed hydra grows two more!
You slash the seven-headed hydra!
The seven-headed hydra is almost dead.
The seven-headed hydra is no longer paralysed.
The seven-headed hydra bites you but does no damage.
The seven-headed hydra barely misses you.
The seven-headed hydra bites you. x2
The seven-headed hydra bites you but does no damage.
The seven-headed hydra bites you.
* * * LOW HITPOINT WARNING * * *
The seven-headed hydra bites you but does no damage.
You barely miss the seven-headed hydra.
The seven-headed hydra is severely wounded.
The seven-headed hydra bites you but does no damage.
You block the seven-headed hydra's attack.
The seven-headed hydra barely misses you. x2
The seven-headed hydra bites you but does no damage.
The seven-headed hydra bites you.
* * * LOW HITPOINT WARNING * * *
The seven-headed hydra bites you!
* * * LOW HITPOINT WARNING * * *
As you read the scroll of fear, it crumbles to dust.
You assume a fearsome visage.
The seven-headed hydra easily resists.
The seven-headed hydra bites you!
* * * LOW HITPOINT WARNING * * *
The seven-headed hydra bites you.
You die...

################
...............#........
.##..##.....)..#........
.##..##........#........
.##..##......(.#........
.##..##........#........
.##..##........#.........# #..#
.##..##........#.........# #..#
.##..##........#@........# #..#
.##>.##........#D........# #..#
.##..##........#.........# #..##
.##..##........#.........# #....
.##..##........#.........# #....
.##..##...###..#........<####....
.......)..# #..#..#####.......###
..........# #.....# #.......#
.##...##..# #.....# #.......#


You could see a seven-headed hydra (corroded).

Vanquished Creatures
  Psyche (D:9)
  Prince Ribbit (D:5)
  Eustachio (D:6)
  5 yaks (D:9)
  Menkaure (D:5)
  A steam dragon (D:7)
  4 water moccasins
  An acid dragon (D:9)
  Duvessa (D:4)
  An ice beast (D:6)
  2 sky beasts
  2 orc warriors
  A necrophage (D:6)
  An ogre (D:4)
  5 centaurs
  2 phantoms (D:6)
  A gnoll sergeant (D:9)
  2 kobold brigands
  Blork the orc (D:6)
  3 scorpions
  A wyvern zombie (D:5)
  5 bullfrogs
  3 water moccasin zombies
  Dowan (D:4)
  3 bullfrog zombies
  6 centaur zombies
  5 jellies
  3 orc priests
  2 hounds
  3 bullfrog skeletons
  A gnoll shaman (D:7)
  8 orc wizards
  4 iguanas
  2 scorpion zombies (D:5)
  Ijyb (D:3)
  A hound zombie (D:5)
  A hound skeleton (D:5)
  2 howler monkey zombies
  13 gnolls
  An adder (D:4)
  A shadow imp (D:8)
  3 white imps
  An ufetubus (D:6)
  A worm (D:2)
  A dart slug (D:1)
  33 orcs
  7 ball pythons
  7 bats
  7 endoplasms
  2 giant cockroaches
  9 goblins
  2 hobgoblins (D:4)
  4 jackals (D:1)
  4 quokkas
  4 frilled lizards
  12 kobolds
  5 rats
206 creatures vanquished.

Vanquished Creatures (others)
  An orc wizard (D:6)
  A plant (Temple)
  3 withered plants (D:5)
5 creatures vanquished.

Grand Total: 211 creatures vanquished

Notes
Turn   | Place    | Note
-------+----------+-------------------------------------------
     0 | D:1      | Ajdolov the Hill Orc Fighter began the quest for the Orb.
     0 | D:1      | Reached XP level 1. HP: 19/19 MP: 1/1
    75 | D:1      | Reached skill level 3 in Axes
   201 | D:1      | Reached XP level 2. HP: 18/26 MP: 2/2
   474 | D:1      | Reached skill level 4 in Axes
   654 | D:1      | Reached XP level 3. HP: 31/31 MP: 3/3
   995 | D:2      | Noticed a scorpion
   996 | D:2      | Found a faded altar of an unknown god.
  1000 | D:2      | Killed a scorpion
  1001 | D:2      | Reached skill level 6 in Axes
  1001 | D:2      | Reached XP level 4. HP: 39/39 MP: 4/4
  1155 | D:2      | Got Plato's Guide on Poison
  1207 | D:2      | Identified the +2 robe "Kyutis" {Rampage Stlth+}
  1728 | D:3      | Noticed Ijyb
  1744 | D:3      | Killed Ijyb
  1745 | D:3      | Reached XP level 5. HP: 32/45 MP: 5/5
  1994 | D:3      | Noticed a water moccasin
  2024 | D:3      | Killed a water moccasin
  2025 | D:3      | Reached skill level 8 in Axes
  2025 | D:3      | Reached XP level 6. HP: 7/51 MP: 6/6
  2026 | D:3      | HP: 1/51 [poisoned by a water moccasin]
  2675 | D:4      | Noticed Duvessa
  2693 | D:4      | Noticed Dowan
  2979 | D:4      | Reached skill level 9 in Axes
  3007 | D:4      | Reached XP level 7. HP: 47/57 MP: 7/7
  3071 | D:4      | Killed Duvessa
  3072 | D:4      | Reached skill level 10 in Axes
  3076 | D:4      | Killed Dowan
  3716 | D:5      | Entered Level 5 of the Dungeon
  3777 | D:5      | Reached skill level 11 in Axes
  4354 | D:5      | Reached XP level 8. HP: 63/64 MP: 8/8
  4360 | D:5      | Reached skill level 12 in Axes
  4489 | D:5      | Reached skill level 5 in Fighting
  4568 | D:5      | Noticed Prince Ribbit
  4583 | D:5      | Killed Prince Ribbit
  4857 | D:5      | Found a runed translucent door.
  4860 | D:5      | Noticed ilikefood's ghost (novice KoEn)
  4963 | D:5      | Found Xaroitwe's Book Emporium.
  5046 | D:5      | Noticed Menkaure
  5054 | D:5      | Killed Menkaure
  5335 | D:6      | Reached XP level 9. HP: 77/82 MP: 9/9
  5416 | D:6      | Found a staircase to the Ecumenical Temple.
  5445 | Temple   | Entered the Ecumenical Temple
  5587 | Temple   | Became a worshipper of Uskayaw the Reveller
  5671 | D:6      | Reached * piety under Uskayaw
  5763 | Temple   | Reached ** piety under Uskayaw
  5781 | D:6      | Reached skill level 10 in Fighting
  5850 | D:6      | Noticed Blork the orc
  5861 | D:6      | Killed Blork the orc
  5926 | D:6      | Reached *** piety under Uskayaw
  6004 | D:6      | Noticed Eustachio
  6024 | D:6      | Reached skill level 1 in Invocations
  6047 | D:6      | Killed Eustachio
  6242 | D:5      | Reached skill level 5 in Invocations
  7173 | D:7      | Reached XP level 10. HP: 65/94 MP: 14/16
  7178 | D:7      | Reached **** piety under Uskayaw
  7184 | D:7      | Reached ***** piety under Uskayaw
  7939 | D:8      | Reached skill level 10 in Invocations
  8277 | D:8      | Found a sacrificial altar of Ru.
  9483 | D:9      | Reached ****** piety under Uskayaw
  9489 | D:9      | Reached skill level 13 in Axes
  9629 | D:9      | Noticed Psyche
  9641 | D:9      | Killed Psyche
 10379 | D:9      | Noticed a six-headed hydra
 10393 | D:9      | HP: 1/94 [seven-headed hydra (12)]
 10393 | D:9      | Slain by a seven-headed hydra

Illustrated notes

Levels and vault maps discovered:
D:1:      minmay_arrival_arboretum_small, layout_basic,
          chequers_serial_rivers_room_b
D:2:      layout_rooms, shapermc_ecumenical_altar_rom_forum
D:3:      layout_loops_ring, uniq_ijyb
D:4:      minmay_inner_zag, layout_rooms, minmay_cupped, uniq_duvessa
D:5:      layout_loops_ring, serial_shops, nicolae_shop_advertising_works
          [nicolae_subvault_shop_adworks], serial_undead, serial_undead_d,
          serial_undead_e, serial_undead_c, serial_undead_d,
          ebering_ghost_sewer_d, grunt_ministairs_12, st_stairs_12,
          moated_statue, uniq_menkaure, uniq_prince_ribbit1
D:6:      layout_gridville, temple_fountains, grunt_ministairs_10,
          uniq_blork_the_orc, uniq_eustachio
D:7:      minmay_angry_zag, layout_cave_pools, chequers_serial_rivers_micro_a
D:8:      layout_loops_corners, nicolae_ru_awakened_eye
D:9:      layout_long_grid, uniq_psyche
Temple:   kilobyte_greek_temple

Skill      XL: |  1  2  3  4  5  6  7  8  9 10 |
---------------+-------------------------------+-----
Axes           | 3 4 6 8 9 11 12 13 | 13.8
Fighting       | 8 10 | 10.4
Invocations    | 8 11 | 11.2
Armour         | |  3.2
Shields        | |  3.2

Action                   |  1- 3 |  4- 6 |  7- 9 | 10-12 || total
-------------------------+-------+-------+-------+-------++-------
Melee: War axe           |    81 |    93 |   349 |   209 ||   732
Throw: Throwing net      |       |       |     5 |       ||     5
Invok: Line Pass         |       |       |       |     1 ||     1
Evoke: Wand              |       |    14 |     1 |     9 ||    24
  Use: Potion            |     1 |     3 |       |       ||     4
       Scroll            |       |       |     6 |     3 ||     9
 Stab: Paralysed         |       |       |     3 |    27 ||    30
Armor: Scale mail        |    38 |       |       |       ||    38
       Chain mail        |     1 |    57 |   166 |   108 ||   332
Dodge: Dodged            |    33 |    25 |    92 |    66 ||   216
Block: Buckler           |    19 |    22 |    60 |    41 ||   142
